 Dungeon Crawl Stone Soup version 0.26.1-11-gd32895ea62 (webtiles) character file.

Game seed: 16576287502547584993

263 raph the Poker (level 6, -5/47 HPs)
             Began as a Merfolk Gladiator on Apr 19, 2021.
             Was a Follower of Makhleb.
             Slain by a centaur (8 damage)
             ... on level 2 of the Dungeon.
             The game lasted 00:05:11 (3625 turns).

raph the Poker (Merfolk Gladiator)                  Turns: 3625, Time: 00:05:11

Health: -5/47      AC:  7    Str: 20    XL:     6   Next: 19%
Magic:  6/6        EV: 14    Int:  8    God:    Makhleb [*.....]
Gold:   97         SH:  5    Dex: 17    Spells: 5/5 levels left

rFire    . . .     SeeInvis .   a - +0 trident
rCold    . . .     Faith    .   i - +0 buckler
rNeg     . . .     Spirit   .   b - +0 leather armour
rPois    .         Reflect  .   c - +0 helmet
rElec    .         Harm     .   (no cloak)
rCorr    .         Rampage  .   v - +1 pair of gloves
Will     .....     Rnd*Tele +   n - +0 pair of boots
Stlth    +.........             (no amulet)
HPRegen  0.15/turn              t - ring of teleportation
MPRegen  0.10/turn              w - +6 ring of strength

@: no status effects
A: change form in water, swift swim, stealthy swim
a: Renounce Religion


You were on level 2 of the Dungeon.
You worshipped Makhleb.
Makhleb was aware of your devotion.
You visited 1 branch of the dungeon, and saw 3 of its levels.

You collected 97 gold pieces.

Inventory:

Hand Weapons
 a - a +0 trident (weapon)
Missiles
 d - 3 throwing nets (quivered)
Armour
 b - a +0 leather armour (worn)
 c - a +0 helmet (worn)
 i - a +0 buckler (worn)
 n - a +0 pair of boots (worn)
 v - a +1 pair of gloves (worn)
Jewellery
 t - a ring of teleportation (left hand)
 w - a +6 ring of strength (right hand)
Wands
 o - a wand of disintegration (12)
Scrolls
 e - a scroll of identify
Potions
 g - a potion of ambrosia {unknown}
 h - a potion of resistance {unknown}
 l - a potion of haste {unknown}
 m - 2 potions of brilliance {unknown}
 p - a potion of flight {unknown}
 q - 2 potions of heal wounds {unknown}
 s - 2 potions of curing {unknown}


   Skills:
 + Level 3.2 Fighting
 * Level 7.1 Polearms
 - Level 2.0 Throwing
 + Level 4.9 Dodging
 * Level 3.0 Shields


You had 5 spell levels left.
You didn't know any spells.
Your spell library was empty.

Dungeon Overview and Level Annotations

Branches:
Dungeon (3/15)

Altars:
Makhleb
Xom


Message History

You see here 2 arrows.
The centaur shoots an arrow.
The arrow hits you.
The centaur shoots an arrow.
The arrow hits you!
You see here 2 arrows.
You start resting.
A centaur is nearby!
The centaur shoots an arrow.
The arrow hits you!
* * * LOW HITPOINT WARNING * * *
You see here 3 arrows.
The centaur unwields a +0 shortbow.
The centaur hits you!
* * * LOW HITPOINT WARNING * * *
There is a stone staircase leading up here.
You see here 2 arrows.
The centaur barely misses you.
You climb upwards.
There is a stone staircase leading down here.
You puncture the centaur!
The centaur is moderately wounded.
The centaur hits you!
You die...

#####.# ##.#.## #.# #. .##...#
#.### #.#####. .##.#.# #.#
#....... .##...## ##'## ######.#
.......# ##...## #.# .###.#.##
##.....## ### #.# .# #.#..##
##.......## ###.###.#
.###.#...####....c....###.....#.#
............'...@.....'..........
.####....####.........###........
.# #...## ##.......## #.[......
.####..## ##.....## #.....#.#
.......# ##...## ###.#####
#####.## ##'## #.# #.#
#.#########.# #.# #.#.......#.#
#.# ##..[......#.#


You could see a centaur.

Vanquished Creatures
  2 orc priests (D:3)
  2 orc wizards (D:3)
  Jessica (D:2)
  2 adders (D:2)
  An ooze (D:1)
  3 worms (D:2)
  2 dart slugs
  2 leopard geckos
  13 orcs (D:3)
  6 giant cockroaches
  8 goblins
  10 hobgoblins
  2 jackals (D:2)
  A quokka (D:2)
  4 bats
  6 frilled lizards
  4 kobolds
  7 rats
76 creatures vanquished.

Notes
Turn   | Place    | Note
-------+----------+-------------------------------------------
     0 | D:1      | raph the Merfolk Gladiator began the quest for the Orb.
     0 | D:1      | Reached XP level 1. HP: 16/16 MP: 1/1
   240 | D:1      | Reached skill level 5 in Polearms
   240 | D:1      | Reached XP level 2. HP: 22/22 MP: 2/2
   563 | D:1      | Reached XP level 3. HP: 25/28 MP: 3/3
   695 | D:1      | Reached skill level 1 in Shields
  1172 | D:2      | Noticed Jessica
  1177 | D:2      | Killed Jessica
  1178 | D:2      | Reached XP level 4. HP: 30/34 MP: 4/4
  1307 | D:2      | Reached skill level 6 in Polearms
  1922 | D:2      | Found a burning altar of Makhleb.
  1923 | D:2      | Found a shimmering altar of Xom.
  1934 | D:2      | Became a worshipper of Makhleb the Destroyer
  2385 | D:3      | Reached XP level 5. HP: 40/40 MP: 5/5
  3012 | D:3      | Reached XP level 6. HP: 25/47 MP: 6/6
  3026 | D:3      | Reached skill level 7 in Polearms
  3400 | D:3      | Reached * piety under Makhleb
  3625 | D:2      | Slain by a centaur

Illustrated notes

Levels and vault maps discovered:
D:1:      matt_arrival_diagonals, layout_basic, st_stairs_4
D:2:      layout_loops_corners, gammafunk_temple_overflow_pools, uniq_jessica
D:3:      layout_loops_ring, chequers_ecumenical_altar_island, uniq_robin

Skill      XL: |  1  2  3  4  5  6 |
---------------+-------------------+-----
Polearms       | 5 6 7 |  7.1
Shields        | 1 2 3 |  3.0
Fighting       | 3 |  3.2
Throwing       | |  2.0
Dodging        | |  4.9

Action                   |  1- 3 |  4- 6 || total
-------------------------+-------+-------++-------
Melee: Trident           |    83 |   190 ||   273
  Use: Scroll            |       |     5 ||     5
       Potion            |       |     1 ||     1
 Stab: Distracted        |     1 |       ||     1
       Sleeping          |       |     4 ||     4
Armor: Leather armour    |     7 |    42 ||    49
Dodge: Dodged            |    35 |    89 ||   124
Block: Buckler           |     7 |    27 ||    34
